Map: Prion Terraces

Players

LoveKing

  • Race: Zerg Zerg
  • League: Master

xKawaiian - Winner!

  • Race: Terran Terran
  • League: Master

VOD

Have the link to the VOD?

Description

Time

  • Played on: Jan. 12, 2016, 7:37 p.m.
  • Length: 13:53
Show
View Real Time Build Order
Export as new Build Order

LoveKing Zerg 

Build Orders: Hatch First 

Get SALT Encoding   

  12  0:01  Drone  
  13  0:12  Overlord  
  13  0:17  Drone  
  14  0:23  Drone, Extractor  
  15  0:31  Drone  
  16  0:48  Hatchery  
  15  0:51  Drone  
  15  0:55  Drone  
  17  1:00  Drone  
  18  1:15  Drone, Spawning Pool  
  18  1:19  Drone, Extractor  
  18  1:28  Drone  
  19  1:39  Drone  
  20  1:49  Overlord  
  20  2:01  Zergling x2  
  20  2:02  Queen x2, Zergling x2  
  26  2:10  Drone  
  26  2:11  Drone  
  28  2:19  Metabolic Boost  
  28  2:21  Drone  
  28  2:22  Drone  
  30  2:32  Drone x2  
  31  2:38  Queen  
  31  2:43  Drone x2  
  35  2:55  Drone  
  36  3:02  Hatchery, Drone  
  36  3:06  Overlord  
  36  3:10  Extractor  
  35  3:16  Roach Warren  
  35  3:17  Drone x2  
  35  3:19  Overlord  
  36  3:36  Overlord  
  36  3:45  Overlord  
  36  3:56  Roach x8  
  36  4:00  Zergling x4  
  54  4:06  Zergling x4  
  56  4:15  Zergling x8  
  56  4:16  Zergling x2  
  61  4:19  Zergling x2  
  61  4:21  Zergling x2  
  61  4:23  Zergling x2  
  64  4:29  Zergling x4  
  62  4:32  Zergling x2  
  62  4:33  Zergling x2  
  62  4:38  Overlord  
  64  4:39  Zergling x2  
  64  4:43  Zergling x2  
  66  4:48  Zergling x4  
  69  4:53  Ravager x4  
  69  4:55  Zergling x2  
  69  4:58  Zergling x4  
  75  5:02  Zergling x2  
  73  5:08  Drone x3  
  74  5:19  Drone  
  74  5:20  Drone  
  74  5:21  Drone x2  
  78  5:27  Drone x2  
  78  5:28  Drone  
  79  5:31  Lair  
  79  5:33  Drone  
  80  5:39  Drone x2  
  82  6:07  Overlord  
  82  6:11  Overlord  
  79  6:14  Drone x3  
  79  6:17  Extractor  
  81  6:19  Drone  
  81  6:21  Evolution Chamber  
  81  6:22  Drone  
  81  6:24  Evolution Chamber, Drone  
  82  6:26  Drone x4  
  82  6:27  Drone x4  
  82  6:30  Drone x3  
  93  6:33  Drone x2  
  93  6:34  Drone x3  
  93  6:37  Spire  
  93  6:39  Drone  
  98  6:40  Overlord  
  98  6:41  Overseer  
  98  6:45  Overlord  
  93  6:58  Drone x5  
  95  7:03  Zerg Ground Armor Level 1  
  95  7:04  Zerg Melee Weapons Level 1  
  95  7:07  Drone x3, Extractor  
  97  7:08  Baneling Nest  
  97  7:09  Extractor  
  95  7:20  Hatchery  
  94  7:26  Overlord  
  94  7:28  Overlord  
  94  7:33  Drone x5  
  94  7:35  Drone  
  94  7:36  Drone  
  101  7:37  Extractor  
  101  7:38  Drone x2  
  101  7:39  Drone, Overlord  
  101  7:40  Drone x2  
  105  7:51  Overlord  
  105  7:52  Corruptor x4  
  105  7:55  Centrifical Hooks  
  105  7:56  Corruptor  
  115  7:59  Zergling x6  
  118  8:09  Zergling x12  
  118  8:10  Zergling x2  
  125  8:14  Overlord  
  125  8:16  Zergling x2  
  126  8:25  Zergling x10  
  131  8:38  Overseer  
  131  8:40  Overseer  
  131  8:41  Pneumatized Carapace  
  131  8:49  Hatchery, Zergling x24  
  131  8:53  Queen  
  131  8:54  Zergling x4  
  131  8:55  Zergling x6  
  149  8:58  Baneling x3  
  149  8:59  Baneling x15  
  149  9:04  Baneling  
  149  9:05  Baneling x3  
  147  9:12  Zergling x14  
  147  9:15  Baneling x3  
  147  9:16  Zergling x2  
  151  9:17  Overlord x2  
  151  9:22  Overlord  
  151  9:23  Zergling x2  
  151  9:24  Queen  
  151  9:27  Overlord  
  151  9:30  Overlord  
  151  9:35  Zergling x2, Queen  
  151  9:36  Zergling x10  
  159  9:39  Baneling x12  
  159  9:40  Baneling x11  
  159  9:41  Zergling x6  
  159  9:42  Overlord  
  159  9:43  Hatchery, Overseer  
  161  9:47  Baneling x2  
  161  9:48  Baneling x4  
  161  9:50  Zergling x2  
  161  9:51  Zergling x14  
  169  9:54  Overlord  
  169  9:55  Zergling x2  
  170  10:00  Zergling x2  
  170  10:01  Baneling x2  
  170  10:02  Baneling x6  
  167  10:08  Zergling x2  
  167  10:12  Zergling x2  
  167  10:13  Zergling x8  
  157  10:15  Corruptor  
  157  10:16  Corruptor  
  157  10:17  Zergling x2  
  157  10:18  Zergling x12  
  156  10:26  Zergling x12  
  156  10:28  Zergling x2  
  160  10:39  Zergling x2  
  160  10:40  Zergling x10  
  162  10:46  Baneling  
  162  10:48  Baneling x13  
  162  10:49  Zergling x8  
  164  10:51  Zergling x2  
  164  10:52  Zergling x12  
  166  10:58  Baneling  
  166  10:59  Baneling x6  
  166  11:00  Zergling x2  
  166  11:01  Zergling x22  
  173  11:06  Zergling x4  
  173  11:08  Zergling x2  
  173  11:10  Zergling x4  
  160  11:12  Zergling x4  
  160  11:16  Zergling x2  
  134  11:18  Zergling x6  
  134  11:21  Zergling x10  
  134  11:24  Zergling x18  
  132  11:28  Baneling x11  
  132  11:30  Zergling x8  
  132  11:31  Baneling x4  
  132  11:32  Baneling  
  136  11:33  Corruptor, Baneling x8  
  136  11:36  Zergling x4  
  141  11:40  Zergling x6  
  141  11:44  Zergling x6  
  141  11:46  Baneling x4  
  146  11:47  Baneling x4  
  146  11:48  Baneling  
  146  11:49  Zergling x6  
  146  11:50  Baneling x4  
  146  11:51  Baneling  
  146  11:52  Baneling  
  146  11:53  Zergling x2  
  143  12:08  Zergling x22  
  141  12:09  Corruptor x2  
  134  12:20  Corruptor x2  
  130  12:29  Zergling x14  
  129  12:34  Zergling x4  
  130  12:40  Corruptor  
  105  13:01  Corruptor x3  
  105  13:02  Baneling  
  105  13:03  Baneling x2  
  104  13:09  Zergling x2  
  104  13:10  Zergling x2  
  101  13:14  Zergling x2  
  101  13:19  Zergling x6  
  102  13:28  Zergling x6  
  105  13:35  Zergling x8  
Show
View Real Time Build Order
Export as new Build Order

xKawaiian Terran - Winner!

Build Orders: Reaper Expand, MMM Bio 

Get SALT Encoding   

  12  0:01  SCV  
  13  0:13  SCV  
  14  0:18  Supply Depot  
  14  0:25  SCV  
  15  0:39  SCV  
  15  0:40  Barracks  
  16  0:46  Refinery  
  16  0:51  SCV  
  17  1:03  SCV  
  18  1:15  SCV  
  19  1:28  Orbital Command  
  19  1:30  Reaper  
  20  1:40  Command Center  
  20  1:49  Supply Depot  
  20  1:53  SCV  
  21  2:02  Barracks Reactor  
  21  2:05  SCV  
  22  2:18  Command Center  
  22  2:21  SCV  
  23  2:36  Factory  
  23  2:38  Marine x2  
  23  2:39  SCV  
  26  2:51  SCV  
  26  2:52  Orbital Command  
  26  2:56  Marine  
  28  2:59  Marine  
  28  3:03  SCV  
  30  3:23  Armory, SCV  
  30  3:24  SCV  
  32  3:28  Hellion x2  
  32  3:33  Marine  
  37  3:34  Orbital Command  
  37  3:35  SCV  
  38  3:45  Supply Depot, SCV  
  38  3:47  SCV  
  40  3:50  Hellion, Refinery  
  40  3:51  Hellion  
  44  3:57  SCV, Marine  
  44  3:59  SCV  
  47  4:04  Starport  
  47  4:05  SCV  
  47  4:09  SCV  
  49  4:11  Hellion  
  49  4:12  SCV  
  49  4:15  Hellion  
  55  4:17  SCV, Barracks Tech Lab  
  55  4:21  SCV  
  56  4:26  Supply Depot  
  56  4:32  SCV, Hellion  
  56  4:37  Hellion  
  56  4:38  SCV  
  62  4:39  SCV  
  62  4:40  Stimpack, Marauder  
  64  4:48  SCV  
  65  4:53  Liberator  
  65  4:54  Hellion  
  65  4:57  SCV  
  65  4:58  Hellion  
  70  5:00  Marine  
  70  5:01  Supply Depot, Barracks  
  70  5:02  Barracks  
  71  5:08  SCV  
  71  5:09  Refinery  
  71  5:15  Hellion  
  68  5:21  Bunker  
  68  5:28  Widow Mine  
  70  5:29  Marauder  
  70  5:32  SCV  
  73  5:36  Widow Mine  
  73  5:37  Bunker  
  73  5:40  SCV  
  76  5:49  Marine  
  76  6:01  Hellion x7  
  76  6:02  Barracks Tech Lab  
  76  6:03  Starport Reactor  
  76  6:04  Barracks Tech Lab  
  75  6:07  SCV x2, Marine  
  75  6:08  Engineering Bay x2  
  75  6:09  Barracks x3  
  78  6:13  SCV  
  78  6:17  Refinery  
  78  6:18  Widow Mine x2  
  79  6:19  SCV x2  
  85  6:31  Supply Depot x2, Combat Shields  
  85  6:33  Concussive Shells  
  85  6:42  Terran Infantry Weapons Level 1  
  85  6:43  Terran Infantry Armor Level 1  
  85  6:52  SCV x2, Widow Mine  
  85  6:53  Marauder x3  
  94  6:57  Barracks Reactor, Barracks Tech Lab  
  94  7:00  Barracks Reactor  
  82  7:02  Orbital Command  
  82  7:05  SCV  
  82  7:12  Medivac  
  82  7:14  Marine x2  
  82  7:15  Marauder  
  88  7:19  SCV  
  91  7:22  Marauder  
  91  7:24  SCV  
  91  7:26  Barracks  
  91  7:27  Barracks  
  91  7:28  Barracks  
  92  7:30  SCV  
  92  7:31  SCV  
  92  7:32  Marauder, Marine  
  92  7:36  SCV, Marauder  
  100  7:43  Marine, SCV x2, Medivac x2, Supply Depot  
  107  7:45  Marine  
  107  7:49  Supply Depot  
  107  7:50  Marine  
  109  7:57  Terran Vehicle And Ship Armor Level 1  
  109  7:59  Supply Depot x2  
  109  8:01  Supply Depot  
  109  8:03  Refinery  
  109  8:04  Refinery, Marine x3  
  109  8:05  Marauder  
  114  8:07  Marauder, Marine  
  114  8:10  Marine  
  118  8:13  Medivac  
  118  8:15  Barracks Tech Lab x2  
  118  8:16  Barracks Reactor  
  118  8:17  Supply Depot, Marauder  
  122  8:22  Marine  
  123  8:27  Command Center  
  123  8:28  SCV  
  123  8:29  Marine  
  123  8:30  Marine  
  123  8:32  Marine  
  121  8:42  SCV, Widow Mine x2  
  121  8:43  Marauder, Marine x3  
  121  8:46  Terran Infantry Weapons Level 2  
  129  8:50  Terran Infantry Armor Level 2  
  129  8:53  SCV  
  129  8:55  Medivac  
  132  8:58  Marauder  
  132  8:59  Marine x2  
  132  9:02  Marine x2  
  137  9:05  Marine x2  
  140  9:14  Marine  
  140  9:15  Widow Mine, Medivac  
  140  9:16  Marine  
  146  9:20  Marine x2  
  146  9:21  SCV  
  148  9:25  Medivac  
  148  9:26  Marine x2  
  148  9:31  SCV  
  150  9:32  SCV  
  150  9:37  Liberator  
  151  9:39  Marauder, Marine x2  
  151  9:40  Marauder  
  151  9:45  Medivac  
  159  9:47  Marine x2  
  159  9:48  Missile Turret  
  159  9:49  Marine x2  
  159  9:50  Marauder, Marine  
  159  9:51  Marine  
  159  9:52  Marauder  
  172  10:05  Supply Depot  
  172  10:07  Supply Depot  
  172  10:09  Marine x4  
  172  10:13  Marine  
  142  10:15  Marauder, Marine  
  142  10:18  Marine x2  
  142  10:19  Marine x2  
  142  10:20  Marauder, Medivac, Widow Mine  
  137  10:27  Marine x4  
  135  10:30  Marine  
  135  10:34  Marine  
  137  10:36  Marine x3  
  137  10:37  Medivac  
  141  10:44  Command Center  
  141  10:45  SCV, Marauder  
  141  10:46  Orbital Command  
  141  10:47  SCV  
  141  10:49  Marine x2  
  141  10:53  Marine  
  141  10:54  Marine  
  141  10:58  Marine x2  
  141  10:59  Marine x3  
  144  11:07  Medivac, Widow Mine  
  141  11:12  Marauder, Marine x2  
  141  11:13  Marauder  
  141  11:16  Marauder, Medivac, Marine  
  141  11:17  Widow Mine  
  141  11:19  Marine  
  141  11:21  Marine x2  
  141  11:22  Marine x3  
  137  11:27  SCV  
  137  11:28  SCV  
  137  11:29  Marine  
  137  11:30  Marine  
  141  11:33  Marine x2  
  141  11:34  Marine  
  141  11:35  Widow Mine  
  141  11:37  Medivac  
  148  11:41  Marine  
  148  11:42  Marauder  
  148  11:46  Medivac, Widow Mine  
  155  11:58  Marine  
  155  11:59  Marine x2, Marauder x2  
  155  12:00  Marauder  
  155  12:01  Marine x2  
  165  12:05  Marine  
  165  12:06  Marauder, Marine  
  165  12:07  Medivac  
  164  12:08  Widow Mine  
  164  12:09  Marauder  
  136  12:16  Marine, Widow Mine  
  136  12:17  Marine x2  
  136  12:18  Marine  
  136  12:19  Marine  
  136  12:20  Marine, Marauder  
  136  12:21  Marauder  
  139  12:24  Marine  
  130  12:31  Marauder, Marine  
  130  12:33  Marine  
  130  12:36  Orbital Command  
  126  12:42  Marine  
  126  12:43  Marauder, Widow Mine  
  128  12:45  Orbital Command  
  128  12:47  Marine  
  128  12:50  SCV x2  
  129  12:57  Marauder  
  129  13:00  Marine  
  129  13:01  Marine  
  129  13:07  Marine x2  
  129  13:08  Marine  
  120  13:17  Marine x3  
  120  13:18  SCV  
  121  13:23  SCV  
  121  13:25  SCV  
  121  13:34  Marine x2  
  121  13:35  Marine x2  
Tags
 
Add a new tag
Caveats
  • Supply blocks, unpowered buildings, or Contaminate may cause inaccurate times.
  • Supply counts are checked every 10 seconds.